 Dungeon Crawl Stone Soup version 0.20-a0-1088-gd50b1d5 (webtiles) character file.

93 Dmitry the Bolt Thrower (level 4, -6/40 HPs)
             Began as a Centaur Hunter on May 2, 2017.
             Killed by divine providence
             ... invoked by an orc priest
              (14 damage)
             ... on level 3 of the Dungeon.
             The game lasted 00:11:34 (2715 turns).

Dmitry the Bolt Thrower (Centaur Hunter)            Turns: 2715, Time: 00:11:35

Health: -6/40      AC:  5    Str: 15    XL:     4   Next: 37%
Magic:  4/4        EV:  9    Int: 10    God:
Gold:   102        SH:  0    Dex: 10    Spells: 3/3 levels left

rFire    . . .     SeeInvis .   b - +1 hand crossbow
rCold    + . .     Gourm    .   (no shield)
rNeg     . . .     Faith    .   c - +0 leather armour
rPois    .         Spirit   .   t - +0 helmet
rElec    .         Reflect  .   s - scarf {rC+}
rCorr    .         Harm     .   (no gloves)
MR       .....                  (no barding)
Stlth    +.........             (no amulet)
Regen    0.2/turn               j - +1 ring of slaying
MPRegen  0.1/turn               (no ring)

@: very quick
A: hooves 3, deformed body, speed 2, tough skin 3
a: no special abilities


You were on level 3 of the Dungeon.
You were not hungry.

You visited 1 branch of the dungeon, and saw 3 of its levels.

You collected 102 gold pieces.

Inventory:

Hand Weapons
 a - a +0 short sword
 b - a +1 hand crossbow (weapon)
 w - a +0 hunting sling
Missiles
 d - 8 bolts (quivered)
 m - 106 stones
 o - 34 arrows
Armour
 c - a +0 leather armour (worn)
 s - a scarf of cold resistance (worn)
 t - a +0 helmet (worn)
 x - a +0 scale mail
Jewellery
 j - a +1 ring of slaying (left hand)
Wands
 r - a wand of flame (24/48)
Scrolls
 e - a scroll of recharging {unknown}
 g - a scroll of magic mapping {unknown}
 i - 2 scrolls of immolation {unknown}
 l - 3 scrolls of identify {unknown}
 n - 2 scrolls of remove curse {unknown}
Potions
 h - 2 potions of might {unknown}
 k - a potion of agility {unknown}
 q - a potion of curing {unknown}
 u - a potion of flight {unknown}
Comestibles
 f - a bread ration
 p - a meat ration
 v - a royal jelly


   Skills:
 + Level 4.0 Fighting
 + Level 2.1 Slings
 - Level 4.3 Crossbows
 - Level 1.3 Dodging
 - Level 0.4 Stealth


You had 3 spell levels left.
You didn't know any spells.

Dungeon Overview and Level Annotations

Branches:
Dungeon (3/15)

Altars:
Ashenzari


Innate Abilities, Weirdness & Mutations

You have hooves in place of feet.
Armour fits poorly on your strangely shaped body.
You cover ground very quickly.
You have extremely tough skin. (AC +3)


Message History

Firing (i - inventory. (,) - cycle):
d - 11 bolts (quivered)
Press: ? - help, Shift-Dir - straight line, f/p - orc priest
Aim: an orc priest, wielding a trident and wearing a scale mail (almost dead)
You shoot a bolt.
The bolt hits the orc priest but does no damage.
The orc priest is almost dead.
The orc priest barely misses you.
A goblin comes into view. It is wielding a club.
The goblin shouts!
Firing (i - inventory. (,) - cycle):
d - 10 bolts (quivered)
Press: ? - help, Shift-Dir - straight line, f/p - orc priest
Aim: an orc priest, wielding a trident and wearing a scale mail (almost dead)
You shoot a bolt. The bolt barely misses the orc priest.
Firing (i - inventory. (,) - cycle):
d - 9 bolts (quivered)
Press: ? - help, Shift-Dir - straight line, f/p - orc priest
Aim: an orc priest, wielding a trident and wearing a scale mail (almost dead)
You shoot a bolt. The bolt barely misses the orc priest.
The orc priest invokes the aid of Beogh against you.
Beogh smites you!
You die...

.................##.#.#.#
#######.###.#######.#.#.#######
.............o.((..........>...
###.....###(####(##.#<#.#######
# .....#....o.#.##.###.# #
.....#...##(#.##.....#
###.....#...##.#o########
..#.....#...(..#.#
..#.....#...####@#
..#.........# #.# ..# ###(....#
.g. ### #....## ..... # #...(#
......# #########..##......#
...)..o..#o##......#
#.#......#.#####.###
#.#......#..


You could see an orc priest and a goblin.

Vanquished Creatures
  An orc priest (D:3)
  2 adders (D:2)
  An ooze (D:1)
  A worm (D:3)
  3 orcs (D:3)
  3 giant cockroaches
  4 goblins
  2 hobgoblins
  5 kobolds
  A quokka (D:2)
  A ball python (D:3)
  6 bats
  5 frilled lizards
  4 rats
39 creatures vanquished.

Notes
Turn   | Place    | Note
-------+----------+-------------------------------------------
     0 | D:1      | Dmitry the Centaur Hunter began the quest for the Orb.
     0 | D:1      | Reached XP level 1. HP: 17/17 MP: 1/1
    91 | D:1      | Found a shattered altar of Ashenzari.
   589 | D:1      | Reached XP level 2. HP: 25/25 MP: 2/2
  1341 | D:2      | Reached XP level 3. HP: 31/31 MP: 3/3
  1953 | D:2      | Reached skill level 1 in Slings
  2645 | D:3      | Reached XP level 4. HP: 40/40 MP: 4/4
  2715 | D:3      | Killed from afar by an orc priest

Vault maps used:
D:1:      shiori_arrival_oz, evilmike_ruin_ashenzari
D:2:      lemuel_upstairs_altar, minmay_distorted

Skill      XL: |  1  2  3 |
---------------+----------+-----
Fighting       | 3 4 |  4.0
Slings         | 2 |  2.1
Crossbows      | |  4.3
Dodging        | |  1.3
Stealth        | |  0.4

Action                   |  1- 3 |  4- 6 || total
-------------------------+-------+-------++-------
Melee: Short sword       |    79 |     4 ||    83
       Kick              |    10 |       ||    10
 Fire: Hunting sling     |    35 |       ||    35
       Hand crossbow     |     6 |    12 ||    18
  Eat: Chunk             |     4 |       ||     4
Armor: Leather armour    |    36 |     1 ||    37
Dodge: Dodged            |    57 |     5 ||    62
